 Dungeon Crawl Stone Soup version bcrawl-1.12-11-gb93c957c58 (console) character file.

Game seed: 4580605698532012524

2405 Lexodia the Cleaver (level 9, -10/89 HPs)
             Began as an Ogre Archaeologist on July 4, 2019.
             Was a Follower of Uskayaw.
             Mangled by a death yak (19 damage)
             ... on level 7 of the Dungeon.
             The game lasted 00:20:48 (6336 turns).

Lexodia the Cleaver (Ogre Archaeologist)            Turns: 6336, Time: 00:20:49

Health: -10/89     AC:  6    Str: 23    XL:     9   Next: 47%
Magic:  12/12      EV: 14    Int: 15    God:    Uskayaw [*.....]
Gold:   88         SH:  0    Dex: 14    Spells: 8/8 levels left

rFire    + . .     SeeInvis .   x - +4 hand axe {speed, *Noise rPois rF+ rN+}
rCold    . . .     Gourm    .   (no shield)
rNeg     + . .     Faith    .   a - +1 robe
rPois    +         Spirit   .   b - +1 hat
rElec    .         Reflect  .   u - +0 cloak
rCorr    .         Harm     .   (gloves unavailable)
MR       .....                  (boots unavailable)
Stlth    ++........             (no amulet)
HPRegen  0.24/turn              G - +5 ring of dexterity
MPRegen  0.13/turn              y - +2 ring of evasion

@: mighty
A: large, unfitting armour, tough skin 1
a: Stomp, Renounce Religion


You were on level 7 of the Dungeon.
You worshipped Uskayaw.
Uskayaw was noncommittal.
You were very hungry.

You visited 1 branch of the dungeon, and saw 7 of its levels.
You also visited: Sewer.

You collected 269 gold pieces.
You spent 181 gold pieces at shops.

Inventory:

Hand Weapons
 f - the +8 frozen axe "Frostbite" {freezing cloud, *Noise +Fly rC+}

   It has been specially enchanted to freeze those struck by it, causing extra
   injury to most foes and up to half again as much damage against particularly
   susceptible opponents.
   It can also slow down cold-blooded creatures.
   It protects you from cold.
   It lets you fly.
   It may make noises in combat.
 x - the +4 hand axe "Ithutz" (weapon) {speed, *Noise rPois rF+ rN+}
   (You found it on level 4 of the Dungeon)

   Attacks with this weapon are significantly faster.
   It protects you from fire.
   It protects you from poison.
   It protects you from negative energy.
   It may make noises in combat.
Missiles
 c - 1616 stones (quivered)
Armour
 a - a +1 robe (worn)
 b - a +1 hat (worn)
 u - a +0 cloak (worn)
Jewellery
 d - an uncursed ring of stealth
 t - an uncursed ring of resist corrosion
 y - a +2 ring of evasion (right hand)
 G - a +5 ring of dexterity (left hand)
Wands
 A - a wand of flame (13)
Scrolls
 n - 3 scrolls of remove curse
 o - a scroll of fear
 q - 5 scrolls of teleportation
 r - a scroll of immolation
 v - a scroll of amnesia
Potions
 e - a potion of magic
 h - a potion of lignification {unknown}
 i - a potion of berserk rage {unknown}
 j - a potion of degeneration {unknown}
 l - 11 potions of curing
 p - a potion of haste
 w - a potion of cancellation
 z - a potion of mutation {unknown}
 B - 2 potions of heal wounds
 C - 2 potions of agility {unknown}
 D - a potion of might
 E - 3 potions of flight
 F - a potion of brilliance
Comestibles
 g - 9 rations {!d}


   Skills:
 + Level 5.8 Fighting
 * Level 9.7 Axes
 + Level 3.3 Throwing
 + Level 2.8 Armour
 + Level 4.4 Dodging
 - Level 2.4 Stealth
 + Level 4.9 Invocations


You had 8 spell levels left.
You didn't know any spells.
Your spell library contained the following spells:

 Spells                   Type           Power        Failure   Level  Hunger
 Beastly Appendage        Tmut           #.....       26%         1    ##.....
 Sticks to Snakes         Tmut           #.......     38%         2    ###....
 Spider Form              Tmut/Pois      #.........   63%         3    ####...
 Ice Form                 Ice/Tmut       #.......     95%         4    #####..
 Blade Hands              Tmut           #.........   100%        5    ######.
 Iskenderun's Battlesphe  Conj/Chrm      #.......     100%        5    ######.
 Iron Shot                Conj/Erth      #.........   100%        6    #######
 Poison Arrow             Conj/Pois      #.........   100%        6    #######
 Orb of Destruction       Conj           #.........   100%        7    #######
 Spellforged Servitor     Conj/Summ      #.........   100%        7    #######


Dungeon Overview and Level Annotations

Branches:
Dungeon (7/12)               Lair (0/6) D:7
 Temple: D:4-7

Altars:
Cheibriados
Kikubaaqudgha
Makhleb
Nemelex Xobeh
Okawaru
Qazlal
Trog
Uskayaw

Shops:
D:4 *   D:6 *


Innate Abilities, Weirdness & Mutations

You are too large for most types of armour.
You have tough skin. (AC +1)


Message History

Put on which piece of jewellery? (? for menu, Esc to quit)
You're wearing all the rings you can.
Remove which one? (? for menu, Esc to cancel) < or
G - a +5 ring of dexterity; > or
t - a ring of resist corrosion You remove your ring of resist corrosion.
y - a +2 ring of evasion (right hand) It was a potion of might.
You feel very mighty all of a sudden.
You climb downwards.
The death yak bellows!
You hear a loud, deep croak!
The death yak closely misses you.
The electric eel shoots out a bolt of lightning at you!
The bolt of electricity hits you! The death yak gores you!
The electric eel shoots out a bolt of lightning at you!
The bolt of electricity hits you! The death yak barely misses you.
There is a stone staircase leading up, spattered with blood here.
The death yak gores you!! x2
* * * LOW HITPOINT WARNING * * *
The death yak gores you!!
You die...

..... .... .
... ..# .Y#
..Z.#.. ..>..FY
.#;
..F.lYY###$...♣
.....YY@.......
..#...Y####....
#...... #
....... ..^...#
##..## #.# #.


You could see 7 death yaks, 2 bullfrogs, an iguana, an electric eel and a worker
ant zombie.

Vanquished Creatures
  Grinder (D:4)
  A hungry ghost (D:6)
  3 sky beasts
  An ice beast (D:6)
  A black bear (D:6)
  An ogre (D:5)
  3 big kobolds (Sewer)
  4 scorpions
  A howler monkey (D:4)
  5 crimson imps
  A quasit (D:5)
  A hound (D:6)
  4 orc priests
  A centaur skeleton (D:5)
  2 jellies (D:5)
  Crazy Yiuf (D:2)
  An iguana (D:4)
  2 worker ants (D:6)
  10 orc wizards
  10 adders
  A howler monkey skeleton (D:4)
  8 river rats
  2 oozes
  3 worms
  2 dart slugs
  4 leopard geckos
  15 orcs
  7 ball pythons
  6 giant cockroaches
  6 goblins
  7 hobgoblins
  10 jackals
  19 kobolds
  2 quokkas
  3 bats
  5 frilled lizards
  22 rats
176 creatures vanquished.

Notes
Turn   | Place    | Note
-------+----------+-------------------------------------------
     0 | D:1      | Lexodia the Ogre Archaeologist began the quest for the Orb.
     0 | D:1      | Reached XP level 1. HP: 19/19 MP: 1/1
   208 | D:1      | Reached XP level 2. HP: 29/29 MP: 2/2
   546 | D:1      | Reached XP level 3. HP: 37/37 MP: 3/3
   649 | D:1      | Reached skill level 1 in Axes
  1407 | D:2      | Found an ancient bone altar of Kikubaaqudgha.
  1419 | D:2      | Found a bloodstained altar of Trog.
  1497 | D:2      | Noticed a +0 dagger
  1498 | D:2      | Noticed a +0 dagger
  1510 | D:2      | Reached skill level 2 in Axes
  1515 | D:2      | Found a hide-covered altar of Uskayaw.
  1537 | D:2      | Became a worshipper of Uskayaw the Reveler
  1566 | D:2      | Reached * piety under Uskayaw
  1580 | D:2      | Found a runed door.
  1872 | D:2      | Reached ** piety under Uskayaw
  2077 | D:2      | Reached skill level 3 in Axes
  2077 | D:2      | Reached XP level 4. HP: 32/45 MP: 4/4
  2081 | D:2      | Reached *** piety under Uskayaw
  2132 | D:2      | Reached skill level 4 in Axes
  2388 | D:2      | Noticed Crazy Yiuf
  2397 | D:2      | Killed Crazy Yiuf
  2397 | D:2      | Reached skill level 5 in Axes
  2397 | D:2      | Reached XP level 5. HP: 47/53 MP: 5/5
  2519 | D:3      | Found a burning altar of Makhleb.
  2581 | D:3      | Found a stormy altar of Qazlal.
  2841 | D:3      | Reached skill level 6 in Axes
  3166 | D:4      | Reached skill level 7 in Axes
  3166 | D:4      | Reached XP level 6. HP: 48/61 MP: 6/6
  3212 | D:4      | Reached skill level 1 in Invocations
  3225 | D:4      | Reached **** piety under Uskayaw
  3256 | D:4      | Reached XP level 7. HP: 11/67 MP: 8/8
  3566 | D:4      | Found a snail-covered altar of Cheibriados.
  3593 | D:4      | Found Naulin's General Store.
  3595 | D:4      | Reached skill level 8 in Axes
  3648 | D:4      | Bought a scroll of magic mapping for 49 gold pieces
  3680 | D:4      | Noticed Grinder
  3683 | D:4      | Paralysed by Grinder for 3 turns
  3688 | D:4      | Paralysed by Grinder for 2 turns
  3690 | D:4      | Killed Grinder
  3701 | D:4      | Got a brightly glowing hand axe
  3702 | D:4      | Identified the +4 hand axe "Ithutz" {speed, *Noise rPois
                  | rF+ rN+} (You found it on level 4 of the Dungeon)
  4010 | D:4      | Found an iron altar of Okawaru.
  4186 | D:5      | Entered Level 5 of the Dungeon
  4235 | D:5      | Reached skill level 1 in Throwing
  4315 | D:5      | Reached XP level 8. HP: 76/78 MP: 10/10
  4404 | D:5      | Reached skill level 1 in Armour
  4458 | D:5      | Found a sparkling altar of Nemelex Xobeh.
  4794 | D:6      | Found Dueh's General Store.
  4811 | D:6      | Bought a potion of curing for 36 gold pieces
  4811 | D:6      | Bought 2 scrolls of teleportation for 72 gold pieces
  4826 | D:6      | Reached skill level 9 in Axes
  4914 | D:6      | Found a glowing drain.
  4918 | Sewer    | Entered a sewer
  4979 | Sewer    | Reached ***** piety under Uskayaw
  5006 | Sewer    | Reached ****** piety under Uskayaw
  5200 | Sewer    | Reached skill level 5 in Fighting
  5558 | D:6      | Reached XP level 9. HP: 87/88 MP: 12/12
  6116 | D:7      | Found a staircase to the Lair.
  6116 | D:7      | Noticed a death yak
  6116 | D:7      | Noticed a death yak
  6116 | D:7      | Noticed a death yak
  6116 | D:7      | Noticed a death yak
  6116 | D:7      | Noticed a death yak
  6116 | D:7      | Noticed a death yak
  6116 | D:7      | Noticed a death yak
  6137 | D:6      | Bought a scroll of identify for 24 gold pieces
  6336 | D:7      | Mangled by a death yak

Skill      XL: |  1  2  3  4  5  6  7  8  9 |
---------------+----------------------------+-----
Fighting       | 2 3 5 |  5.8
Dodging        | 3 4 |  4.4
Axes           | 3 5 7 8 9 |  9.7
Invocations    | 2 3 4 |  4.9
Throwing       | 1 2 3 |  3.3
Armour         | 2 |  2.8
Stealth        | |  2.4

Action                   |  1- 3 |  4- 6 |  7- 9 || total
-------------------------+-------+-------+-------++-------
Melee: Unarmed           |    25 |       |       ||    25
       Dagger            |    41 |       |       ||    41
       Spear             |    87 |     4 |       ||    91
       Mace              |       |    97 |       ||    97
       Executioner's axe |       |    22 |    28 ||    50
       Hand axe          |       |       |   256 ||   256
Throw: Stone             |    59 |     9 |    28 ||    96
Invok: Stomp             |       |     2 |     2 ||     4
       Line Pass         |       |       |     1 ||     1
       Grand Finale      |       |       |     1 ||     1
  Use: Potion            |       |     3 |     1 ||     4
       Scroll            |       |       |    12 ||    12
 Stab: Sleeping          |     2 |     9 |     4 ||    15
       Paralysed         |       |     1 |    22 ||    23
       Distracted        |       |       |     1 ||     1
       Confused          |       |       |     1 ||     1
  Eat: Chunk             |     4 |     4 |     8 ||    16
       Ration            |       |       |     1 ||     1
Armor: Robe              |    47 |    43 |    50 ||   140
Dodge: Dodged            |    59 |    65 |   105 ||   229
